 Dungeon Crawl Stone Soup version 0.26-a0-540-g8a0c9464d7 (webtiles) character file.

Game seed: 5686212059445397405

807 graki42 the Magician (level 7, -8/36 HPs)
             Began as a Deep Elf Air Elementalist on Aug 17, 2020.
             Was a Believer of Vehumet.
             Mangled by a gnoll
             ... wielding a +1 vorpal halberd
              (12 damage)
             ... on level 6 of the Dungeon.
             The game lasted 00:17:37 (5862 turns).

graki42 the Magician (Deep Elf Air Elementalist)    Turns: 5862, Time: 00:17:37

Health: -8/36      AC:  2    Str:  7    XL:     7   Next: 60%
Magic:  12/19      EV: 13    Int: 20    God:    Vehumet [**....]
Gold:   190        SH:  0    Dex: 15    Spells: 1/19 levels left

rFire    . . .     SeeInvis +   (no weapon)
rCold    . . .     Faith    .   (no shield)
rNeg     . . .     Spirit   .   a - +0 robe
rPois    .         Reflect  .   (no helmet)
rElec    .         Harm     .   (no cloak)
rCorr    .                      (no gloves)
MR       .....                  (no boots)
Stlth    ++........             (no amulet)
HPRegen  0.12/turn              q - ring of see invisible
MPRegen  0.16/turn              (no ring)

@: no status effects
A: no striking features
a: Renounce Religion


You were on level 6 of the Dungeon.
You worshipped Vehumet.
Vehumet was pleased with you.
You visited 2 branches of the dungeon, and saw 7 of its levels.

You collected 190 gold pieces.

Inventory:

Armour
 a - a +0 robe (worn)
 l - a +1 buckler
Jewellery
 h - an uncursed ring of ice
 q - a ring of see invisible (left hand)
Wands
 g - a wand of paralysis (9)
 k - a wand of enslavement (8)
Scrolls
 b - 3 scrolls of remove curse
 d - 3 scrolls of identify
 e - 2 scrolls of enchant armour
 f - a scroll of noise {unknown}
 j - 5 scrolls of teleportation
 m - a scroll of fog {unknown}
 n - a scroll of immolation {unknown}
 o - a scroll of amnesia
 t - a scroll of magic mapping {unknown}
Potions
 c - a potion of might
 i - a potion of haste {unknown}
 p - a potion of heal wounds
 s - a potion of magic


   Skills:
 - Level 3.0 Dodging
 - Level 3.0 Stealth
 + Level 6.8 Spellcasting
 + Level 5.2 Conjurations
 + Level 5.7 Air Magic
 + Level 0.5 Poison Magic


You had one spell level left.
You knew the following spells:

 Your Spells              Type           Power        Failure   Level
a - Shock                 Conj/Air       ####         1%          1
b - Swiftness             Air            ####....     1%          2
c - Static Discharge      Conj/Air       ####....     3%          3
d - Airstrike             Air            ####......   10%         4
e - Lightning Bolt        Conj/Air       ####......   28%         5
f - Mephitic Cloud        Conj/Pois/Air  ###.....     6%          3

Your spell library contained the following spells:

 Spells                   Type           Power        Failure   Level


Dungeon Overview and Level Annotations

Branches:
Dungeon (6/15)             Temple (1/1) D:4

Altars:
Cheibriados
Elyvilon
Gozag
Hepliaklqana
Kikubaaqudgha
Nemelex Xobeh
Okawaru
Ru
Sif Muna
Trog
Uskayaw
Vehumet
Wu Jian
The Shining One

Shops:
D:4 [

Annotations:
D:3 2 transporters, 1player's ghost, amateur FoAK


Message History

Casting: Shock (safe; 1% risk of failure)
Confirm with . or Enter, or press ? or * to list all spells.
Aiming: Shock (safe; 1% risk of failure)
Press: ? - help, Shift-Dir - straight line, f/p - gnoll
Aim: a gnoll, wielding a +1 vorpal halberd The zap hits the wyvern zombie!
The wyvern zombie is severely damaged.
The zap hits the gnoll.
The gnoll is lightly wounded.
The gnoll closely misses you. The wyvern zombie barely misses you.
Casting: Shock (safe; 1% risk of failure)
Confirm with . or Enter, or press ? or * to list all spells.
The wyvern zombie is struck by an arc of lightning!
The wyvern zombie is almost destroyed.
You are struck by an arc of lightning.
* * * LOW HITPOINT WARNING * * *
The lightning grounds out.
The wyvern zombie bites you.
* * * LOW HITPOINT WARNING * * *
The gnoll hits you from afar with a +1 vorpal halberd!
You die...

######### !
#........ .
#@# # ##Z# #
#.g## #
###...### #
#.$.....#####
#
#....._......
#
#........g####
# #....8)...#
. #....H....#
#.


You could see a gnoll and a wyvern zombie.

Vanquished Creatures
  2 ogres
  A scorpion (D:4)
  3 howler monkeys
  4 hounds
  2 jellies (D:5)
  A bullfrog skeleton (D:4)
  A centaur skeleton (D:4)
  3 gnolls (D:5)
  8 adders
  5 dart slugs
  7 leopard geckos
  7 orcs
  2 ball pythons
  9 bats
  A bat zombie (D:3)
  5 giant cockroaches
  5 goblins
  10 hobgoblins
  6 jackals
  10 kobolds
  5 quokkas
  3 frilled lizards
  A quokka skeleton (D:4)
  27 rats
  2 rat zombies (D:3)
130 creatures vanquished.

Notes
Turn   | Place    | Note
-------+----------+-------------------------------------------
     0 | D:1      | graki42 the Deep Elf Air Elementalist began the quest for
                  | the Orb.
     0 | D:1      | Reached XP level 1. HP: 10/10 MP: 6/6
   225 | D:1      | Reached XP level 2. HP: 15/15 MP: 6/8
   401 | D:1      | Learned a level 2 spell: Swiftness
   695 | D:1      | Reached XP level 3. HP: 19/19 MP: 4/9
   704 | D:1      | Learned a level 3 spell: Static Discharge
  1151 | D:2      | Found a radiant altar of Vehumet.
  1155 | D:2      | Became a worshipper of Vehumet
  1300 | D:2      | Reached * piety under Vehumet
  1300 | D:2      | Offered knowledge of Magic Dart by Vehumet.
  1386 | D:2      | Found a faded altar of an unknown god.
  1586 | D:2      | Reached XP level 4. HP: 15/24 MP: 1/11
  1762 | D:2      | Learned a level 4 spell: Airstrike
  1802 | D:2      | Reached skill level 4 in Spellcasting
  2351 | D:3      | Found an ancient bone altar of Kikubaaqudgha.
  2516 | D:3      | Found a hazy altar of Hepliaklqana.
  2723 | D:3      | Reached XP level 5. HP: 28/28 MP: 10/13
  2853 | D:3      | Found a transporter.
  2853 | D:3      | Noticed 1player's ghost (amateur FoAK)
  2869 | D:3      | Found a transporter.
  3288 | D:3      | Offered knowledge of Foxfire by Vehumet.
  3289 | D:3      | Reached ** piety under Vehumet
  3837 | D:4      | Found a staircase to the Ecumenical Temple.
  3842 | Temple   | Entered the Ecumenical Temple
  3997 | D:4      | Reached skill level 5 in Spellcasting
  4177 | D:4      | Reached XP level 6. HP: 32/32 MP: 10/15
  4611 | D:4      | Found Ohar's Antique Armour Emporium.
  4632 | D:4      | Reached skill level 5 in Air Magic
  4801 | D:4      | Reached skill level 6 in Spellcasting
  4801 | D:4      | Reached XP level 7. HP: 32/36 MP: 11/18
  4808 | D:4      | Learned a level 5 spell: Lightning Bolt
  5196 | D:5      | Entered Level 5 of the Dungeon
  5430 | D:5      | Reached skill level 5 in Conjurations
  5545 | D:5      | Offered knowledge of Mephitic Cloud by Vehumet.
  5550 | D:5      | Learned a level 3 spell: Mephitic Cloud
  5851 | D:6      | Found a shimmering blue altar of Sif Muna.
  5851 | D:6      | Found a bloodstained altar of Trog.
  5852 | D:6      | Noticed a hippogriff
  5862 | D:6      | Mangled by a gnoll

Illustrated notes

Levels and vault maps discovered:
D:1:      minmay_arrival_open_corners, layout_basic, minmay_misc_feat_pillars
D:2:      layout_basic, vehumet_crystals, chequers_ecumenical_altar_simple,
          minmay_rat_hole
D:3:      minmay_chambers_of_threes, layout_loops_corners, lemuel_round_altar,
          lemuel_zombie_altar_kikubaaqudgha, gammafunk_ghost_mausoleum
D:4:      layout_cave_pods, temple_doors_e, serial_shops,
          nicolae_shop_statue_plus
D:5:      layout_cave_pools
D:6:      layout_loops_ring, zin_scriptorium, lemuel_round_altar,
          kennysheep_mini_moat, grunt_temple_overflow_open, portal_sewer_entry_d
Temple:   nicolae_temple_figure_zero

Skill      XL: |  1  2  3  4  5  6  7 |
---------------+----------------------+-----
Stealth        | 3 |  3.0
Dodging        | 3 |  3.0
Conjurations   | 2 3 4 5 |  5.2
Spellcasting   | 4 5 6 |  6.8
Air Magic      | 4 5 |  5.7
Poison Magic   | |  0.5

Action                   |  1- 3 |  4- 6 |  7- 9 || total
-------------------------+-------+-------+-------++-------
 Cast: Shock             |    84 |   159 |    41 ||   284
       Static Discharge  |       |     7 |     7 ||    14
  Use: Scroll            |       |     5 |     3 ||     8
Armor: Robe              |     2 |     6 |     1 ||     9
Dodge: Dodged            |    17 |    21 |     9 ||    47

Table legend: (Time is in decaauts)
 A = Elapsed time spent in this place.
 B = Non-inter-level travel time spent in this place.
 C = Inter-level travel time spent in this place.
 D = Time resting spent in this place.
 E = Time spent auto-exploring this place.
 F = Levels seen in this place.
 G = Mean time per level.
                   A        B        C        D        E       F      G
               +--------+--------+--------+--------+--------+-----+--------+
         Total |   5856 |   5724 |    132 |   1305 |   3855 |   7 |  836.6 |
       Dungeon |   5738 |   5616 |    122 |   1305 |   3748 |   6 |  956.3 |
        Temple |    117 |    107 |     10 |      0 |    107 |   1 |  117.0 |
               +--------+--------+--------+--------+--------+-----+--------+

Top non-repeatable levels by time:
     D:4: 1562 daAuts
     D:3: 1431 daAuts
     D:1: 1125 daAuts
     D:2: 953 daAuts
     D:5: 651 daAuts
  Temple: 117 daAuts
     D:6: 13 daAuts
